 Dungeon Crawl Stone Soup version 0.17-a0-1767-gccbed74 (webtiles) character file.

109 TruthSerum the Chucker (level 4, -7/46 HPs)
             Began as an Ogre Hunter on Sept 7, 2015.
             Was an Initiate of Qazlal.
             Mangled by a worm (10 damage)
             ... on level 3 of the Dungeon.
             The game lasted 00:10:03 (3330 turns).

TruthSerum the Chucker (Ogre Hunter)                Turns: 3330, Time: 00:10:03

Health: -7/46      AC:  3    Str: 18    XL:     4   Next: 90%
Magic:  4/4        EV: 10    Int: 10    God:    Qazlal [......]
Gold:   142        SH:  0    Dex: 10    Spells: 0 memorised, 3 levels left

rFire  . . .     SeeInvis .     g - +0 flail
rCold  . . .     Clarity  .     d - +0 robe
rNeg   . . .     SustAt   .     (no shield)
rPois  .         Gourm    .     (helmet restricted)
rElec  .         Spirit   .     (no cloak)
rCorr  .         Warding  .     (gloves unavailable)
rMut   .         Stasis   +     (boots unavailable)
MR     .....                    e - amulet of stasis
Stlth  +.........               (no ring)
                                o - ring of teleportation (curse)

@: not resistant to hostile enchantments, very unstealthy
A: unfitting armour, tough skin 1
a: Renounce Religion, Evoke Teleportation


You were on level 3 of the Dungeon.
You worshipped Qazlal.
Qazlal was noncommittal.
You were hungry.

You visited 1 branch of the dungeon, and saw 3 of its levels.

You collected 142 gold pieces.

Inventory:

Hand weapons
 g - a +0 flail (weapon)
Missiles
 a - 5 large rocks (quivered)
 b - 2 throwing nets
Armour
 d - a +0 robe (worn)
Jewellery
 e - an amulet of stasis (around neck)
 o - a cursed ring of teleportation (left hand)
Magical devices
 n - a wand of magic darts (25)
Scrolls
 c - 3 scrolls of identify
 i - a scroll of enchant armour {unknown}
 j - a scroll of magic mapping
 k - a scroll of random uselessness {unknown}
Potions
 h - a potion of flight
 m - a potion of lignification
Comestibles
 f - 2 chunks of flesh
 l - a slice of pizza


   Skills:
 + Level 3.6 Fighting
 * Level 2.9 Maces & Flails
 - Level 5.0 Throwing
 + Level 2.5 Dodging
 - Level 0.7 Stealth
 + Level 1.0 Invocations


You had 3 spell levels left.
You didn't know any spells.

Dungeon Overview and Level Annotations

Branches:
Dungeon (3/15)

Altars:
Qazlal
Zin


Innate Abilities, Weirdness & Mutations

You are too large for most types of armour.
You have tough skin (AC +1).


Message History

The orc is moderately wounded.
The orc closely misses you.
You closely miss the orc.
The orc is moderately wounded.
The orc barely misses you. The worm bites you!
* * * LOW HITPOINT WARNING * * *
You barely miss the orc.
The orc is lightly wounded.
The orc hits you but does no damage.
You closely miss the orc. The orc barely misses you. The worm bites you.
* * * LOW HITPOINT WARNING * * *
You thump the orc!
You kill the orc!
Qazlal accepts your kill.
You hit the worm.
The worm is moderately wounded.
You barely miss the worm.
The worm is moderately wounded.
The worm bites you!
You die...

#.#.####+#.#.#
#.#.#........#
#.#.#.....#†.##
**#.#.....#...#
*,#.....##..#
*,+.....*#.)##
**#.....*##..#
******######*
#.w##
,,,,,,,,,,,*
#.@.#
,,,,,,,,,,,*
##..#*
,,,,,,,,,,,*
#...#
,,,,,,,,,,,***
##..#
,,,,,,,,,,,,,*
*..#*
*********,,,,*
*...* *,,,,*
*...# *,,,,*
*...#
*********,,,,*
**,,*


You could see a worm.

Vanquished Creatures
  An adder (D:2)
  An ooze (D:2)
  3 worms
  A giant gecko (D:2)
  12 orcs (D:3)
  6 giant cockroaches
  5 hobgoblins
  4 jackals (D:3)
  6 kobolds
  3 quokkas (D:2)
  8 bats
  9 giant newts (D:2)
  5 goblins
  10 rats
74 creatures vanquished.

Vanquished Creatures (others)
  A bush (D:1)
  A plant (D:1)
2 creatures vanquished.

Grand Total: 76 creatures vanquished

Notes
Turn   | Place    | Note
--------------------------------------------------------------
     0 | D:1      | TruthSerum the Ogre Hunter began the quest for the Orb.
     0 | D:1      | Reached XP level 1. HP: 22/22 MP: 1/1
   121 | D:1      | Reached XP level 2. HP: 26/31 MP: 2/2
  1090 | D:2      | Reached skill level 1 in Maces & Flails
  1090 | D:2      | Reached XP level 3. HP: 13/37 MP: 3/3
  1700 | D:2      | Reached skill level 5 in Throwing
  1920 | D:2      | Found a glowing silver altar of Zin.
  1967 | D:2      | Found a stormy altar of Qazlal.
  1970 | D:2      | Became a worshipper of Qazlal Stormbringer
  2085 | D:2      | Reached XP level 4. HP: 23/45 MP: 4/4
  2746 | D:3      | Found a faded altar to an unknown god.
  3072 | D:3      | Reached skill level 1 in Invocations
  3324 | D:3      | HP: 2/46 [worm (2)]
  3330 | D:3      | Mangled by a worm

Vault maps used:
D:1:      ncdulo_watergridlock, serial_forest, infiniplex_forest_clump_diagonal,
          infiniplex_forest_split, infiniplex_forest_clump_medium,
          infiniplex_forest_clump_diagonal, infiniplex_forest_clump_diagonal,
          infiniplex_forest_lined_room_3, infiniplex_forest_straight_4,
          hangedman_glass_teeth, minmay_misc_feat_x
D:2:      zin_academy, lemuel_doored_altar, minmay_lizard_king
D:3:      ecumenical_altar_2

Action                   |  1- 3 |  4- 6 || total
-------------------------+-------+-------++-------
Melee: Club              |   332 |       ||   332
       Flail             |    64 |    98 ||   162
Throw: Large rock        |    19 |       ||    19
  Use: Scroll            |     1 |     3 ||     4
 Stab: Sleeping          |     1 |     1 ||     2
  Eat: Bread ration      |     1 |       ||     1
       Chunk             |       |     4 ||     4
